 Dungeon Crawl Stone Soup version 0.20.0-8-g6b59dc7 (webtiles) character file.

71 MDvedh the Cutter (level 4, -2/26 HPs)
             Began as a Kobold Assassin on May 30, 2017.
             Killed from afar by an orc wizard (11 damage)
             ... with a puff of flame
             ... on level 3 of the Dungeon.
             The game lasted 00:03:01 (2056 turns).

MDvedh the Cutter (Kobold Assassin)                 Turns: 2056, Time: 00:03:01

Health: -2/26      AC:  6    Str:  8    XL:     4   Next: 47%
Magic:  4/4        EV: 13    Int: 12    God:
Gold:   156        SH:  0    Dex: 17    Spells: 3/3 levels left

rFire    . . .     SeeInvis .   b - +0 rapier
rCold    . . .     Gourm    .   (shield restricted)
rNeg     . . .     Faith    .   i - +0 leather armour
rPois    .         Spirit   .   (no helmet)
rElec    .         Reflect  .   d - +0 cloak
rCorr    .         Harm     .   (no gloves)
MR       .....                  l - +1 pair of boots
Stlth    +++.......             r - amulet of regeneration
Regen    0.5/turn               (no ring)
MPRegen  0.1/turn               (no ring)

@: no status effects
A: carnivore 3
a: no special abilities


You were on level 3 of the Dungeon.
You were not hungry.

You visited 1 branch of the dungeon, and saw 3 of its levels.

You collected 156 gold pieces.

Inventory:

Hand Weapons
 a - a +0 blowgun
 b - a +0 rapier (weapon)
 u - a +2 dagger
Missiles
 e - 8 poisoned needles
 f - 2 curare-tipped needles
Armour
 d - a +0 cloak (worn)
 i - a +0 leather armour (worn)
 l - a +1 pair of boots (worn)
Jewellery
 o - an uncursed ring of ice
 r - an amulet of regeneration (around neck)
Scrolls
 h - a scroll of teleportation {unknown}
 k - a scroll of amnesia {unknown}
 n - a scroll of magic mapping {unknown}
 p - a scroll of enchant weapon {unknown}
 t - 3 scrolls of identify {unknown}
Potions
 c - 2 potions of haste {unknown}
 j - a potion of flight {unknown}
 m - a potion of invisibility {unknown}
 q - a potion of curing {unknown}
 s - a potion of cancellation {unknown}
 v - a potion of mutation {unknown}
Comestibles
 g - 2 meat rations


   Skills:
 - Level 2.1 Fighting
 + Level 5.8 Short Blades
 - Level 2.1 Throwing
 - Level 1.2 Dodging
 - Level 5.3 Stealth


You had 3 spell levels left.
You didn't know any spells.

Dungeon Overview and Level Annotations

Branches:
Dungeon (3/15)

Altars:
Dithmenos


Innate Abilities, Weirdness & Mutations

You are small and have problems with some larger weapons.
You are carnivorous and can eat meat at any time.


Message History

You hear some strange, mumbled words.
A puff of frost appears from out of thin air!
The puff of frost misses you.
The orc shouts!
You barely miss something. Something hits you.
* * * LOW HITPOINT WARNING * * *
You hit something. Something hits you but does no damage.
The orc closely misses you.
You barely miss something. Something hits you but does no damage.
The orc closely misses you.
You barely miss something. Something hits you but does no damage.
The orc hits you but does no damage.
You barely miss something. Something hits you.
The orc hits you but does no damage.
An orc priest comes into view. It is wielding a hand axe.
You barely miss something.
You hear some strange, mumbled words.
A puff of flame appears from out of thin air!
The puff of flame hits you!
You die...

#..... ... ###.... ...
#.....# ... #.>...#
######## #.....# #...#
#...†.# #.#.# #>....#
#.#.# #.....# #.#.#
#.@...####.#.#.####
#o{........#.#.....
###o...#######.######
{........(......####..
####....#######....#.#
#....# ####.#.# ######
#...# #.... #####


You could see an orc priest and an orc.

Vanquished Creatures
  An adder (D:2)
  A worm (D:3)
  2 dart slugs (D:2)
  2 leopard geckos
  2 orcs (D:3)
  A ball python (D:1)
  2 giant cockroaches
  4 goblins (D:1)
  4 hobgoblins
  4 jackals (D:1)
  8 kobolds
  6 bats
  3 frilled lizards
  9 rats
  A fungus (D:1)
50 creatures vanquished.

Notes
Turn   | Place    | Note
-------+----------+-------------------------------------------
     0 | D:1      | MDvedh the Kobold Assassin began the quest for the Orb.
     0 | D:1      | Reached XP level 1. HP: 12/12 MP: 1/1
   266 | D:1      | Reached XP level 2. HP: 6/17 MP: 2/2
   629 | D:1      | Reached XP level 3. HP: 21/21 MP: 3/3
  1314 | D:2      | Found a shadowy altar of Dithmenos.
  1325 | D:2      | Reached skill level 5 in Short Blades
  1431 | D:2      | Reached XP level 4. HP: 26/26 MP: 4/4
  2056 | D:3      | Killed from afar by an orc wizard

Skill      XL: |  1  2  3 |
---------------+----------+-----
Short Blades   | 3 4 5 |  5.8
Fighting       | |  2.1
Throwing       | |  2.1
Dodging        | |  1.2
Stealth        | |  5.3

Action                   |  1- 3 |  4- 6 || total
-------------------------+-------+-------++-------
Melee: Dagger            |   127 |     4 ||   131
       Rapier            |       |    30 ||    30
 Stab: Sleeping          |    11 |     5 ||    16
  Eat: Chunk             |     4 |     1 ||     5
Armor: Robe              |     9 |       ||     9
       Leather armour    |    15 |    11 ||    26
Dodge: Dodged            |    71 |    11 ||    82
